 Dungeon Crawl Stone Soup version 0.31-a0-925-g0a390f2509 (webtiles) character file.

Game seed: 2354323030824286077

1899 Shayle the Changeling (level 9, -5/66 HPs)
             Began as a Human Shapeshifter on Oct 19, 2023.
             Was an Initiate of Ashenzari.
             Slain by an orc warrior
             ... wielding a +0 trident
              (14 damage)
             ... on level 6 of the Dungeon.
             The game lasted 00:15:19 (7179 turns).

Shayle the Changeling (Human Shapeshifter)          Turns: 7179, Time: 00:15:21

Health: -5/66      AC:  4    Str: 13    XL:     9   Next: 38%
Magic:  0/18       EV: 12    Int: 23    God:    Ashenzari [......]
Gold:   124        SH:  0    Dex: 10    Spells: 8/8 levels left

rFire   . . .        j - +2 whip (freeze)
rCold   . . .        (no shield)
rNeg    . . .        y - +1 leather armour {rPois}
rPois   +            (helmet currently unavailable)
rElec   .            (cloak currently unavailable)
rCorr   .            (gloves currently unavailable)
SInv    .            (boots currently unavailable)
Will    .....        k - amulet of the Esoteric Mysticism {Spirit, Bglg, Fort} (curse)
Stlth   +            e - ring of flight
HPRegen 0.31/turn    u - ring of magical power
MPRegen 0.16/turn

%: guardian spirit
@: beast-form, flying
A: beast (slay +3), horns 1, clever 2
a: Begin Untransformation, Renounce Religion, Curse Item, Shatter the Chains


You were on level 6 of the Dungeon.
You worshipped Ashenzari.
Ashenzari was noncommittal.
You were a hulking beast.
You visited 2 branches of the dungeon, and saw 8 of its levels.

You collected 196 gold pieces.
You spent 72 gold pieces at shops.

Inventory:

Hand Weapons
 j - a +2 whip of freezing (weapon)
Armour
 a - a +0 animal skin
 s - a +0 helmet
 t - a +0 pair of boots
 w - a +0 cloak
 y - a +1 leather armour of poison resistance (worn)
Jewellery
 e - a ring of flight (left hand)
 k - the cursed amulet of the Esoteric Mysticism (around neck) {Spirit, Bglg, Fort}
   (You found it on level 2 of the Dungeon)

   [amulet of guardian spirit]

   Spirit:    It causes incoming damage to be divided between your reserves of
   health and magic.
   It has a curse which improves the following skills: Beguiling: Conjurations,
   Hexes and Translocations.
   Fortitude: Armour and Shields.
 u - a ring of magical power (right hand)
Talismans
 c - a beast talisman (active)
 d - a flux talisman
Wands
 l - a wand of flame (5)
Scrolls
 b - a scroll of amnesia
 h - 2 scrolls of identify
 i - a scroll of vulnerability {unknown}
 n - a scroll of enchant weapon {unknown}
 o - 2 scrolls of fog
 p - a scroll of teleportation
Potions
 f - a potion of enlightenment
 g - a potion of resistance
 q - a potion of brilliance


   Skills:
 + Level 4.5 Fighting
 + Level 4.9 Dodging
 + Level 5.4 Unarmed Combat
 + Level 2.8(3.1) Conjurations
 + Level 2.8(3.2) Hexes
 + Level 2.7(3.1) Translocations
 * Level 6.6 Shapeshifting


You had 8 spell levels left.
You didn't know any spells.
Your spell library contained the following spells:

 Spells                   Type           Power      Damage    Failure   Level
 Jinxbite                 Hex            28%        N/A       9%          2
 Ensorcelled Hibernation  Hex/Ice        14%        N/A       16%         2
 Ignite Poison            Fire/Tmut/Pois 0%         N/A       52%         3
 Anguish                  Hex/Necr       3%         N/A       71%         4
 Sticky Flame             Conj/Fire      7%         2d3       71%         4
 Ignition                 Fire           0%         3d3       100%        8


Dungeon Overview and Level Annotations

Branches:
Dungeon (7/15)             Temple (1/1) D:4

Altars:
Ashenzari
Cheibriados
Dithmenos
Elyvilon
Fedhas
Gozag
Hepliaklqana
Kikubaaqudgha
Makhleb
Nemelex Xobeh
Okawaru
Ru
Sif Muna
Trog
Uskayaw
Vehumet
Wu Jian
Xom
Yredelemnul
Zin
The Shining One

Shops:
D:2 :   D:3 *

Annotations:
D:2 2 transporters
D:6 Eustachio
Temple 2 transporters


Innate Abilities, Weirdness & Mutations

You are a hulking beast.
Your limbs bulge with bestial killing power. (Slay +3)
You have a pair of small horns on your head.
Your mind is very acute. (Int +8, Str/Dex -2)


Message History

The orc warrior is moderately wounded.
The orc closely misses you.
The orc warrior hits you with a +0 trident.
The orc completely misses you.
You barely miss the orc warrior.
The orc warrior is moderately wounded.
The orc warrior closely misses you. The orc hits you but does no damage.
You hit the orc warrior. You freeze the orc warrior.
The orc warrior is heavily wounded.
The orc warrior barely misses you. The orc barely misses you.
You hit the orc warrior. You freeze the orc warrior.
The orc warrior is heavily wounded.
The orc warrior hits you with a +0 trident!
* * * LOW HITPOINT WARNING * * *
The orc hits you but does no damage.
You hit the orc warrior but do no damage.
The orc warrior is heavily wounded.
The orc warrior misses you. The orc hits you with a +0 short sword.
* * * LOW HITPOINT WARNING * * *
You don't know any spells.
Aiming: Fastroot
Press: ? - help, Shift-Dir - straight line, f - orc warrior
Aim: an orc warrior, wielding a +0 trident and wearing a +0 plate armour (heavily wounded)
The roots erupt in riotous growth!
Roots grab the orc warrior.
Roots grab the orc.
The now-empty wand crumbles to dust.
The grasping roots constrict the orc warrior.
The grasping roots constrict the orc.
The orc warrior hits you with a +0 trident!
* * * LOW HITPOINT WARNING * * *
The orc hits you with a +0 short sword.
* * * LOW HITPOINT WARNING * * *
You hit the orc warrior but do no damage.
The orc warrior is severely wounded.
The grasping roots constrict the orc warrior!
The grasping roots constrict the orc.
The roots release their grip on the orc warrior.
The roots release their grip on the orc.
The orc warrior hits you with a +0 trident!
You die...

#....#####...###.###
.....#.......##..#
.....'.......#...#
.....#.......#...#........
.#####.......##..#........
.....#.....^..#..#........
#....#........#..#..oo....
######........#..#....>...
..............#.h#........
......####... #oo#.o......
......# #....##'#........
......# #................
......# #................
......# #................
......# #................
......# #................
......# #................


You could see an orc warrior and an orc.

Vanquished Creatures
  Pikel (D:7)
  Grinder (D:3)
  Duvessa (D:5)
  2 black bears (D:6)
  2 phantoms
  Blork the orc (D:5)
  3 scorpions
  Dowan (D:5)
  2 howler monkeys
  A hound (D:4)
  2 sleepcaps
  Ijyb (D:3)
  2 iguanas (D:4)
  5 orc wizards
  Robin (D:2)
  3 gnolls (D:6)
  5 adders
  2 worms
  A dart slug (D:1)
  13 orcs
  2 ball pythons
  4 endoplasms
  A giant cockroach (D:3)
  21 goblins
  11 hobgoblins
  12 jackals
  3 quokkas
  5 bats
  3 frilled lizards (D:1)
  8 kobolds
  5 rats
125 creatures vanquished.

Notes
Turn   | Place    | Note
-------+----------+-------------------------------------------
     0 | D:1      | Shayle the Human Shapeshifter began the quest for the Orb.
     0 | D:1      | Reached XP level 1. HP: 15/15 MP: 1/1
   169 | D:1      | Reached XP level 2. HP: 20/21 MP: 2/2
   614 | D:1      | Reached XP level 3. HP: 23/26 MP: 3/3
  1441 | D:2      | Reached XP level 4. HP: 10/32 MP: 4/4
  1770 | D:2      | Noticed Robin
  2035 | D:2      | Found a transporter.
  2035 | D:2      | Found Mirphomuy's Book Shoppe.
  2127 | D:2      | Killed Robin
  2147 | D:2      | Found a transporter.
  2615 | D:3      | Noticed Grinder
  2625 | D:3      | Reached XP level 5. HP: 27/38 MP: 2/5
  2627 | D:3      | Paralysed by Grinder for 3 turns
  2646 | D:3      | Killed Grinder
  2647 | D:3      | Reached skill level 4 in Shapeshifting
  2647 | D:3      | Reached XP level 6. HP: 45/46 MP: 3/6
  2803 | D:3      | Found Dekkin's General Store.
  2811 | D:3      | Bought a potion of lignification for 36 gold pieces
  2811 | D:3      | Bought a potion of curing for 36 gold pieces
  2812 | D:3      | Noticed Ijyb
  2833 | D:3      | Killed Ijyb
  3101 | D:3      | Reached XP level 7. HP: 38/51 MP: 1/7
  3706 | D:4      | Reached skill level 5 in Shapeshifting
  4002 | D:4      | Found a staircase to the Ecumenical Temple.
  4011 | Temple   | Found a transporter.
  4011 | Temple   | Found a transporter.
  4011 | Temple   | Found a transporter.
  4011 | Temple   | Found a transporter.
  4011 | Temple   | Entered the Ecumenical Temple
  4026 | Temple   | Became a worshipper of Ashenzari the Shackled
  5067 | D:5      | Entered Level 5 of the Dungeon
  5067 | D:5      | Found a shimmering blue altar of Sif Muna.
  5081 | D:5      | Noticed Blork the orc
  5091 | D:5      | Killed Blork the orc
  5261 | D:5      | Noticed Duvessa
  5362 | D:5      | Reached skill level 1 in Hexes
  5362 | D:5      | Reached XP level 8. HP: 21/58 MP: 7/8
  5513 | D:5      | Noticed Dowan
  5530 | D:5      | Killed Duvessa
  5531 | D:5      | Reached skill level 1 in Conjurations
  5531 | D:5      | Reached skill level 1 in Translocations
  5532 | D:5      | Killed Dowan
  5871 | D:5      | Found a burning altar of Makhleb.
  5896 | D:5      | Found a shadowy altar of Dithmenos.
  6510 | D:6      | Reached skill level 5 in Unarmed Combat
  6584 | D:6      | Reached skill level 6 in Shapeshifting
  6692 | D:6      | Noticed Eustachio
  6696 | D:6      | Reached XP level 9. HP: 28/65 MP: 9/9
  6876 | D:6      | Noticed Pikel
  6909 | D:7      | Killed Pikel
  7118 | D:6      | Found a snail-covered altar of Cheibriados.
  7118 | D:6      | Found a sacrificial altar of Ru.
  7118 | D:6      | Found an ancient bone altar of Kikubaaqudgha.
  7172 | D:6      | Gained mutation: You have a pair of small horns on your
                  | head. [potion of mutation]
  7172 | D:6      | Gained mutation: Your mind is acute. (Int +4, Str/Dex -1)
                  | [potion of mutation]
  7172 | D:6      | Gained mutation: Your mind is very acute. (Int +8, Str/Dex
                  | -2) [potion of mutation]
  7179 | D:6      | Slain by an orc warrior

Illustrated notes

Levels and vault maps discovered:
D:1:      sevenhm_arrival_forest_fort_large_4, layout_loops_corners,
          minmay_misc_feat_chi, reono_crystal_passage
D:2:      kennysheep_the_goblin_king, layout_loops_corners, serial_shops,
          nicolae_shop_drivethru, uniq_robin
D:3:      layout_loops_cross, serial_shops, shop, minmay_misc_feat_cross,
          uniq_ijyb, uniq_grinder
D:4:      layout_layer_cave, minmay_temple_entry_antechambers
D:5:      layout_rooms, overflow_temple_1_default,
          mainiacjoe_overflow_six_doors_small,
          nicolae_dithmenos_through_a_glass_darkly, uniq_duvessa,
          uniq_blork_the_orc
D:6:      layout_gridville, gammafunk_temple_overflow_forgotten,
          grunt_decor_fettered, uniq_eustachio, uniq_pikel,
          uniq_crazy_yiuf_cottage
D:7:      layout_loops_ring, nicolae_qazlal_eye_of_the_storm,
          nrook_mini_backslash
Temple:   hellmonk_temple_divided_pantheon

Skill      XL: |  1  2  3  4  5  6  7  8 |
---------------+-------------------------+-----
Fighting       | 2 3 4 |  4.5
Dodging        | 3 4 |  4.9
Unarmed Combat | 4 5 |  5.4
Shapeshifting  | 4 5 6 |  6.6
Hexes          | 1 2 |  2.8
Conjurations   | 2 |  2.8
Translocations | 2 |  2.7

Action                     |  1- 3 |  4- 6 |  7- 9 || total
---------------------------+-------+-------+-------++-------
  Melee: Unarmed           |   118 |   148 |   254 ||   520
         Punch             |     5 |     3 |    11 ||    19
         Whip              |       |       |    15 ||    15
         Headbutt          |       |       |     1 ||     1
 Invoke: Curse Item        |       |       |     1 ||     1
  Evoke: Wand              |       |       |    17 ||    17
    Use: Potion            |       |     3 |     4 ||     7
         Scroll            |       |       |    15 ||    15
   Stab: Sleeping          |     2 |       |       ||     2
 Armour: Animal skin       |    60 |    68 |    21 ||   149
         Skin              |       |    11 |     1 ||    12
         Leather armour    |       |       |   165 ||   165
  Dodge: Dodged            |    77 |    66 |   158 ||   301

Table legend: (Time is in decaauts)
 A = Elapsed time spent in this place.
 B = Non-inter-level travel time spent in this place.
 C = Inter-level travel time spent in this place.
 D = Time resting spent in this place.
 E = Time spent auto-exploring this place.
 F = Levels seen in this place.
 G = Mean time per level.
                   A        B        C        D        E       F      G
               +--------+--------+--------+--------+--------+-----+--------+
         Total |   7139 |   6899 |    240 |    970 |   4434 |   8 |  892.4 |
       Dungeon |   7109 |   6869 |    240 |    970 |   4434 |   7 | 1015.6 |
        Temple |     29 |     29 |      0 |      0 |      0 |   1 |   29.0 |
               +--------+--------+--------+--------+--------+-----+--------+

Top non-repeatable levels by time:
     D:4: 1495 daAuts
     D:2: 1235 daAuts
     D:1: 1155 daAuts
     D:3: 1127 daAuts
     D:6: 1028 daAuts
     D:5: 997 daAuts
     D:7: 70 daAuts
  Temple: 29 daAuts
